 Dungeon Crawl Stone Soup version 0.21-a0-632-g1e37ce5 (webtiles) character file.

32 Qszxaw2 the Cutter (level 3, 0/27 HPs)
             Began as a Vampire Gladiator on Dec 27, 2017.
             Slain by a gnoll
             ... wielding a +0 halberd
              (2 damage)
             ... on level 2 of the Dungeon.
             The game lasted 00:05:53 (202 turns).

Qszxaw2 the Cutter (Vampire Gladiator)               Turns: 202, Time: 00:05:54

Health: 0/27       AC:  9    Str: 13    XL:     3   Next: 8%
Magic:  3/3        EV:  6    Int: 11    God:
Gold:   28         SH:  3    Dex: 15    Spells: 2/2 levels left

rFire    . . .     SeeInvis +   a - +0 rapier
rCold    . . .     Gourm    .   h - +0 buckler
rNeg     + . .     Faith    .   k - +0 chain mail
rPois    .         Spirit   .   c - +0 helmet
rElec    .         Reflect  .   (no cloak)
rCorr    .         Harm     .   (no gloves)
MR       .....                  (no boots)
Stlth    ..........             (no amulet)
HPRegen  0.09/turn              (no ring)
MPRegen  0.08/turn              (no ring)

@: no status effects
A: fangs 3, see invisible, unbreathing
a: Bat Form


You were on level 2 of the Dungeon.
You were not thirsty.

You visited 1 branch of the dungeon, and saw 2 of its levels.

You collected 28 gold pieces.

Inventory:

Hand Weapons
 a - a +0 rapier (weapon)
 i - a +0 dagger
 j - a +0 whip
 m - a +0 dagger
Missiles
 d - 3 throwing nets (quivered)
Armour
 b - a +0 leather armour
 c - a +0 helmet (worn)
 h - a +0 buckler (worn)
 k - a +0 chain mail (worn)
Scrolls
 f - a scroll of enchant weapon {unknown}
 g - a scroll of enchant armour {unknown}
 n - a scroll of identify {unknown}
Potions
 e - a potion of blood
 l - a potion of haste {unknown}
 o - a potion of might {unknown}


   Skills:
 - Level 1.8 Fighting
 + Level 4.6 Short Blades
 - Level 1.5 Throwing
 - Level 3.3 Dodging


You had 2 spell levels left.
You didn't know any spells.

Dungeon Overview and Level Annotations

Branches:
Dungeon (2/15)

Altars:


Innate Abilities, Weirdness & Mutations

You have razor-sharp teeth.
You have supernaturally acute eyesight. (SInv)
You can survive without breathing.


Message History

The gnoll hits you but does no damage.
You hit the gnoll.
The gnoll is severely wounded.
You block the gnoll's attack.
You puncture the gnoll!
You kill the gnoll!
You puncture the gnoll!
The gnoll is heavily wounded.
You block the gnoll's attack.
You hit the gnoll.
You kill the gnoll!
You have reached level 3!
Your experience leads to an increase in your attributes!
Increase (S)trength, (I)ntelligence, or (D)exterity?
You feel clever.
You can now transform into a vampire bat.
The gnoll hits you from afar with a halberd!
* * * LOW HITPOINT WARNING * * *
The gnoll hits you with a halberd.
You die...

############
....%.g@)..#
##########.#
#.# #.# #.#
#.# #.# #.#
#.#


You could see a gnoll.

Vanquished Creatures
  3 gnolls (D:2)
  2 goblins (D:1)
  A kobold (D:1)
6 creatures vanquished.

Notes
Turn   | Place    | Note
-------+----------+-------------------------------------------
     0 | D:1      | Qszxaw2 the Vampire Gladiator began the quest for the Orb.
     0 | D:1      | Reached XP level 1. HP: 16/16 MP: 1/1
   194 | D:2      | Reached skill level 4 in Short Blades
   194 | D:2      | Reached XP level 2. HP: 11/22 MP: 2/2
   201 | D:2      | Reached XP level 3. HP: 12/27 MP: 3/3
   201 | D:2      | HP: 1/27 [gnoll/halberd (11)]
   202 | D:2      | Slain by a gnoll

Vault maps used:
D:1:      dpeg_arrival_yet_another_circle, minmay_heptomino_l4
D:2:      lemuel_zombie_altar_kikubaaqudgha, tgw_fedhas,
          nicolae_dithmenos_shadow_blocks

Skill      XL: |  1 |
---------------+----+-----
Short Blades   | 4 |  4.6
Fighting       | |  1.8
Throwing       | |  1.5
Dodging        | |  3.3

Action                   || total
-------------------------++-------
Melee: Rapier            ||    25
       Bite              ||     3
Armor: Chain mail        ||     9
       Leather armour    ||     3
Dodge: Dodged            ||    18
Block: Buckler           ||     2

Table legend:
 A = Spawn XP
 B = Non-spawn XP
 C = Spawn XP percentage of total XP
 D = Spawn monster count
 E = Non-spawn monster count
 F = Spawn count percentage of total count
 G = Total turns spent on level
                    A         B        C        D         E        F      G
               +---------+---------+-------+---------+---------+-------+---------
         Total |       0 |      46 |   0.0 |       0 |       6 |   0.0 |   202
               +---------+---------+-------+---------+---------+-------+---------
           D:1 |       0 |       4 |   0.0 |       0 |       3 |   0.0 |   113
           D:2 |       0 |      42 |   0.0 |       0 |       3 |   0.0 |    89
               +---------+---------+-------+---------+---------+-------+---------
